Map: Pillars of Gold LE

Players

HotKeyPlayer - Winner!

  • Race: Terran Terran
  • League: Gold
  • Spawn Location: 1:00

TayzzerLord

  • Race: Protoss Protoss
  • League: Gold
  • Spawn Location: 7:00

VOD

Have the link to the VOD?

Description

Time

  • Played on: Nov. 18, 2020, 6:07 a.m.
  • Length: 8:33
Show
View Real Time Build Order
Export as new Build Order

HotKeyPlayer Terran - Winner!

Build Orders: Liberator Opening 

Get SALT Encoding   

  12  0:01  SCV  
  13  0:13  SCV  
  14  0:25  SCV, Supply Depot  
  15  0:38  Refinery  
  15  0:50  SCV  
  15  0:52  Barracks  
  16  1:02  SCV  
  17  1:10  Barracks  
  17  1:14  SCV  
  18  1:22  Refinery  
  18  1:50  Supply Depot  
  18  1:53  Factory  
  18  1:56  SCV  
  19  2:08  SCV  
  20  2:15  Bunker  
  19  2:17  Marine  
  19  2:21  SCV  
  21  2:33  SCV  
  21  2:34  Supply Depot  
  22  2:37  Starport  
  22  2:38  Factory Tech Lab  
  22  2:42  Marine  
  23  2:48  SCV  
  24  3:10  SCV  
  25  3:13  Supply Depot  
  25  3:17  Siege Tank  
  28  3:22  SCV  
  30  3:34  SCV  
  30  3:35  Marine  
  31  3:42  Liberator  
  34  3:48  Barracks  
  34  3:56  Engineering Bay  
  34  3:58  Marine  
  35  4:08  Siege Tank  
  38  4:25  Liberator  
  38  4:27  Planetary Fortress  
  41  4:34  Missile Turret  
  41  4:45  Supply Depot  
  41  4:53  Armory  
  41  5:08  Liberator  
  44  5:33  Siege Tank  
  47  5:47  Barracks Tech Lab  
  47  6:12  Missile Turret  
  47  6:46  Siege Tank  
  47  7:18  Thor  
  47  7:42  Viking  
Show
View Real Time Build Order
Export as new Build Order

TayzzerLord Protoss 

Build Orders:  

Get SALT Encoding   

  12  0:01  Probe  
  13  0:16  Pylon  
  13  0:26  Probe  
  14  0:37  Gateway  
  14  0:38  Probe  
  15  0:44  Assimilator  
  15  0:50  Probe (Chrono Boost)  
  16  1:00  Probe (Chrono Boost)  
  17  1:05  Probe (Chrono Boost)  
  18  1:17  Probe (Chrono Boost)  
  19  1:22  Probe (Chrono Boost)  
  19  1:25  Zealot  
  22  1:28  Cybernetics Core  
  22  1:37  Pylon  
  22  2:05  Twilight Council  
  22  2:09  Probe  
  22  2:10  Assimilator  
  23  2:20  Nexus  
  23  2:21  Probe  
  24  2:28  Warp Gate  
  24  2:33  Probe  
  25  2:42  Stalker  
  27  2:45  Probe  
  27  2:51  Pylon  
  28  2:57  Probe  
  29  3:01  Gateway  
  29  3:09  Probe  
  30  3:14  Charge  
  30  3:26  Probe (Chrono Boost), Robotics Facility  
  31  3:31  Stalker  
  33  3:34  Probe (Chrono Boost)  
  35  3:43  Probe (Chrono Boost)  
  35  3:44  Probe (Chrono Boost)  
  35  3:47  Shield Battery  
  36  3:50  Probe (Chrono Boost)  
  37  4:03  Gateway  
  37  4:05  Probe, Gateway  
  37  4:09  Probe  
  39  4:18  Warp Prism  
  39  4:23  Probe (Chrono Boost)  
  43  4:27  Probe (Chrono Boost)  
  43  4:32  Probe (Chrono Boost)  
  43  4:35  Probe (Chrono Boost)  
  43  4:36  Stalker  
  43  4:37  Probe (Chrono Boost)  
  48  4:46  Probe  
  48  4:49  Probe  
  48  4:51  Pylon  
  50  4:57  Stalker  
  50  4:58  Probe  
  53  5:11  Shield Battery  
  53  5:15  Probe  
  53  5:16  Probe, Forge  
  53  5:19  Forge  
  55  5:26  Zealot  
  55  5:27  Probe, Zealot x2  
  62  5:59  Pylon  
  62  6:01  Pylon  
  62  6:03  Pylon  
  62  6:06  Pylon  
  62  6:17  Probe x2  
  62  6:21  Stalker x4  
  66  6:29  Probe x2  
  52  6:45  Zealot x3  
  52  6:46  Zealot  
Tags
 
Add a new tag
Caveats
  • Supply blocks, unpowered buildings, or Contaminate may cause inaccurate times.
  • Supply counts are checked every 10 seconds.